AoeStats
← Gambino

Arabia

510089441Analyzed
1v1 RM · 4d ago on Sep 29, 2026· 45m 31s· 2 players
Game mode
Random Map
Map size
Tiny (2 player)
Population
200
Speed
Normal
Resources
Standard
Victory
Conquest
Starting age
Dark Age
Ending age
Imperial Age
RankedLock teamsTeams togetherTeam positionsShared explorationLock speedFull tech treeHidden civsTurbo modeCheats
Victory
Defeat
🇺🇦 Burgundians · Ukraine
646
+13
🇬🇧 Danes · United Kingdom
584
-13
Gambino
7:50 Loom
11:16 Feudal Age
14:07 Double-Bit Axe
14:07 Horse Collar
17:54 Wheelbarrow
20:05 Castle Age
24:08 Bow Saw
23:54 Gold Mining
24:31 Forging
24:22 Scale Mail Armor
24:18 Arson
24:24 Gambesons
24:40 Squires
28:45 Pikeman
31:31 Hand Cart
33:41 Town Watch
35:51 Chain Mail Armor
36:11 Iron Casting
40:17 Imperial Age
40:46 Halberdier
42:04 Plate Mail Armor
43:00 Blast Furnace
Zhenya
6:25 Loom
10:11 Feudal Age
8:29 Double-Bit Axe
11:02 Bow Saw
13:06 Horse Collar
13:56 Heavy Plow
22:08 Stone Mining
22:13 Gold Mining
24:39 Castle Age
23:30 Stone Shaft Mining
23:41 Gold Shaft Mining
23:33 Scale Barding Armor
23:28 Fletching
24:12 Forging
26:12 Crop Rotation
26:12 Chain Barding Armor
25:51 Bodkin Arrow
26:12 Husbandry
26:02 Cavalier
28:59 Iron Casting
30:42 Wheelbarrow
31:54 Burgundian Vineyards
33:35 Ballistics
33:11 Murder Holes
36:17 Imperial Age
35:22 Hand Cart
34:53 Town Watch
38:49 Bracer
38:39 Arrowslits
39:55 Chemistry
39:37 Town Patrol
40:10 Conscription
40:35 Paladin
45:28 Plate Barding Armor
Connection lost

Rejoining the realm…

Still unreachable

The connection could not be restored.

Session expired

The server has moved on; the page needs a fresh start.